 Dungeon Crawl Stone Soup version 0.31-a0-188-g5e087ee2ca (webtiles) character file.

Game seed: 16398892965873918499

51 qw the Shooter (level 3, -4/20 HPs)
             Began as a Deep Elf Hunter on June 23, 2023.
             Slain by Sigmund
             ... wielding a +0 scythe
              (8 damage)
             ... on level 2 of the Dungeon.
             The game lasted 00:00:23 (1109 turns).

qw the Shooter (Deep Elf Hunter)                    Turns: 1109, Time: 00:00:23

Health: -4/20      AC:  3    Str: 10    XL:     3   Next: 58%
Magic:  5/5        EV: 12    Int: 13    God:
Gold:   85         SH:  0    Dex: 18    Spells: 2/2 levels left

rFire   . . .        Y - +0 shortbow
rCold   . . .        (shield currently unavailable)
rNeg    . . .        c - +0 leather armour
rPois   .            (no helmet)
rElec   .            (no cloak)
rCorr   .            (no gloves)
SInv    .            (no boots)
Will    .....        (no amulet)
Stlth   ++           (no ring)
HPRegen 0.23/turn    (no ring)
MPRegen 0.09/turn

%: no passive effects
@: no status effects
A: no striking features
a: no special abilities


You were on level 2 of the Dungeon.
You visited 1 branch of the dungeon, and saw 2 of its levels.

You collected 85 gold pieces.


   Skills:
 - Level 1.5 Fighting
 + Level 7.1 Ranged Weapons
 - Level 2.4 Dodging
 - Level 1.2 Stealth


You had 2 spell levels left.
You didn't know any spells.
Your spell library was empty.

Inventory:

Hand Weapons
 Y - a +0 shortbow (weapon)
Armour
 c - a +0 leather armour (worn)
Scrolls
 b - a scroll of noise {unknown}
 e - a scroll of identify {unknown}
Potions
 a - a potion of curing {unknown}
 d - 2 potions of cancellation {unknown}
 f - a potion of heal wounds {unknown}

Dungeon Overview and Level Annotations

Branches:
Dungeon (2/15)

Altars:

Annotations:
D:2 Sigmund


Message History

You now have 85 gold pieces (gained 8).
Sigmund the Dreaded comes into view.
He is wielding a +0 scythe.
Enter note:
Enter note: You shoot an arrow.
The arrow closely misses Sigmund.
You shoot an arrow. The arrow closely misses Sigmund.
You shoot an arrow. The arrow closely misses Sigmund.
Sigmund points at you and mumbles some strange words.
You are confused.
Sigmund gestures at you while chanting.
You are more confused.
Sigmund casts a spell at you. The puff of flame hits you! Sigmund misses you.
Sigmund hits you but does no damage.
A bat comes into view.
Sigmund hits you from afar with a +0 scythe.
Sigmund hits you from afar with a +0 scythe!
The bat hits you but does no damage. The bat barely misses you.
You feel less confused. Sigmund barely misses you.
You shoot an arrow. The arrow hits the bat.
You kill the bat!
Sigmund barely misses you.
You shoot an arrow. The arrow barely misses Sigmund.
Sigmund casts a spell at you. You resist with some effort.
You shoot an arrow.
The arrow hits Sigmund but does no damage.
Sigmund barely misses you.
You shoot an arrow. The arrow barely misses Sigmund.
Sigmund misses you.
You shoot an arrow. The arrow hits Sigmund!
Sigmund is moderately wounded.
You shoot an arrow. The arrow barely misses Sigmund.
Sigmund barely misses you.
You shoot an arrow. The arrow hits Sigmund!
Sigmund is heavily wounded.
Sigmund hits you from afar with a +0 scythe!
You die...

############
#..........#
#.####P#.#.# ###
#.....P..#.# ...#
#.P..PP..#.#
...###.#.....P#.#
...#...P......#.###
...#...#......#.@.#
#......#......P.#%@.....
##.....#P...P##.........
.#.#....................
)............<..........
.###............##......
........................
.#.###.####.#..[##......
.#.....# .....#


You could see Sigmund.

Vanquished Creatures
  2 adders (D:2)
  A gnoll (D:1)
  2 dart slugs (D:1)
  2 endoplasms (D:1)
  2 giant cockroaches (D:1)
  3 goblins
  3 hobgoblins (D:1)
  A ball python (D:1)
  2 bats
  2 kobolds (D:1)
  A rat (D:2)
21 creatures vanquished.

Notes
Turn   | Place    | Note
-------+----------+-------------------------------------------
     0 | D:1      | qw the Deep Elf Hunter began the quest for the Orb.
     0 | D:1      | Reached XP level 1. HP: 12/12 MP: 3/3
     0 | D:1      | 0 ||| qw: Version: 0.3-a-9-g12657ce
     0 | D:1      | 0 ||| qw: Game counter: 3437
     0 | D:1      | 0 ||| qw: Always use a shield: true
     0 | D:1      | 0 ||| qw: God list: Okawaru
     0 | D:1      | 0 ||| qw: Allow faded altars: false
     0 | D:1      | 0 ||| qw: Do Orc after D:15 true
     0 | D:1      | 0 ||| qw: Do second Lair branch before Depths: true
     0 | D:1      | 0 ||| qw: Lair rune preference: random
     0 | D:1      | 0 ||| qw: Plans: Normal
     0 | D:1      | 0 ||| PLANNING D:1-11
   354 | D:1      | Reached skill level 6 in Ranged Weapons
   354 | D:1      | Reached XP level 2. HP: 16/16 MP: 4/4
   541 | D:1      | Reached XP level 3. HP: 20/20 MP: 5/5
   819 | D:1      | 819 ||| READING scroll labelled OMAFRE XAYMPU.
   820 | D:1      | 820 ||| DROPPING scroll of butterflies.
   950 | D:2      | HP: 5/20 [poisoned by an adder]
  1059 | D:2      | Reached skill level 7 in Ranged Weapons
  1087 | D:2      | Noticed Sigmund
  1100 | D:2      | HP: 2/20 [Sigmund/+0 scythe (7)]
  1109 | D:2      | Slain by Sigmund

Levels and vault maps discovered:
D:1:      dpeg_arrival_tiny_j, layout_basic
D:2:      cheibrodos_old_hovel, layout_rooms, nrook_loot_triangle, uniq_jessica,
          uniq_sigmund

Skill      XL: |  1  2  3 |
---------------+----------+-----
Ranged Weapons | 6 7 |  7.1
Fighting       | |  1.5
Dodging        | |  2.4
Stealth        | |  1.2

Action                     || total
---------------------------++-------
   Fire: Shortbow          ||    83
    Use: Scroll            ||     1
 Armour: Leather armour    ||     7
  Dodge: Dodged            ||    31

Table legend:
 A = Non-vault XP
 B = Vault XP
 C = Vault XP percentage of total XP
 D = Non-vault monster count
 E = Vault monster count
 F = Vault count percentage of total count
                 A         B        C        D         E       F
            +---------+---------+-------+---------+---------+-------
      Total |      61 |      13 |  17.6 |      20 |       1 |   4.8
            +---------+---------+-------+---------+---------+-------
        D:1 |      43 |       0 |   0.0 |      16 |       0 |   0.0
        D:2 |      18 |      13 |  41.9 |       4 |       1 |  20.0
            +---------+---------+-------+---------+---------+-------
